 Dungeon Crawl Stone Soup version 0.17-a0-1648-g0a089d4 (webtiles) character file.

18342 matakusis the Cleaver (level 12, -2/93 HPs)
             Began as a Demonspawn Gladiator on Aug 12, 2015.
             Was an Initiate of Gozag.
             Killed from afar by an orc sorcerer (21 damage)
             ... with a bolt of fire
             ... led by an orc warlord
             ... on level 4 of the Orcish Mines.
             The game lasted 01:26:52 (13698 turns).

matakusis the Cleaver (Demonspawn Gladiator)       Turns: 13698, Time: 01:26:53

Health: -2/93      AC: 13    Str: 19    XL:     12   Next: 26%
Magic:  21/21      EV:  8    Int: 12    God:    Gozag
Gold:   1579       SH:  9    Dex: 13    Spells: 1 memorised, 5 levels left

rFire  . . .     SeeInvis .     s - +3 hand axe (venom)
rCold  + + .     Clarity  .     q - +1 ring mail {rC+}
rNeg   . . .     SustAt   .     p - +0 shield
rPois  .         Gourm    .     (helmet restricted)
rElec  .         Spirit   .     P - +0 cloak {+Inv}
rCorr  .         Warding  .     (no gloves)
rMut   .         Stasis   .     y - +0 pair of boots
MR     .....                    c - amulet of regeneration
Stlth  +.........               u - ring of magical power
                                t - ring of protection from cold

@: not resistant to hostile enchantments, very unstealthy
A: antennae 1, thin metallic scales 2, demonic guardian 1, spiny 2
a: Potion Petition, Call Merchant, Bribe Branch, Renounce Religion, Evoke
Invisibility


You were on level 4 of the Orcish Mines.
You worshipped Gozag.
Gozag was noncommittal.
You were not hungry.

You visited 3 branches of the dungeon, and saw 15 of its levels.
You also visited: Bailey.

You collected 4862 gold pieces.
You spent 1628 gold pieces at shops.
You paid 1655 gold pieces to Gozag.

Inventory:

Hand weapons
 s - a +3 hand axe of venom (weapon)
Missiles
 d - a throwing net
 r - 2 javelins of penetration
 J - 29 tomahawks of returning (quivered)
Armour
 a - the +3 hat of Pondering {ponderous, MR+ MP+10 Int+5}
   (You took it off Gastronok on level 10 of the Dungeon)

   It affects your intelligence (+5).
   It affects your resistance to hostile enchantments.
   It affects your magic capacity (+10).
 p - a +0 shield (worn)
 q - a +1 ring mail of cold resistance (worn)
 y - a +0 pair of boots (worn)
 P - a +0 cloak of invisibility (worn)
 Q - the +1 robe of Intercession {rF+ Int+4}
   (You found it on level 2 of the Orcish Mines)

   It affects your intelligence (+4).
   It protects you from fire.
Jewellery
 c - an amulet of regeneration (around neck)
 t - a ring of protection from cold (left hand)
 u - a ring of magical power (right hand)
Magical devices
 f - a wand of teleportation (0)
 l - a wand of magic darts (21)
 m - a wand of magic darts (18)
 z - a wand of confusion (45)
 D - a wand of lightning (5)
 K - a wand of digging (9)
 L - a wand of polymorph (17)
Scrolls
 j - 2 scrolls of noise
 A - 3 scrolls of enchant armour
 C - 2 scrolls of recharging
 G - a scroll of silence
 O - a scroll of amnesia
Potions
 b - 3 potions of flight
 k - 5 potions of lignification
 o - a potion of magic
 v - a potion of brilliance
 S - a potion of heal wounds
 U - a potion of might
 V - a potion of ambrosia
Books
 H - a Grand Grimoire

   Spells                             Type                      Level
   a - Monstrous Menagerie            Summoning                    6
   b - Summon Greater Demon           Summoning                    7
   c - Malign Gateway                 Summoning/Translocation      7
   d - Summon Horrible Things         Summoning                    8
 I - a book of Clouds

   Spells                             Type                      Level
   a - Mephitic Cloud                 Conjuration/Poison/Air       3
   b - Conjure Flame                  Conjuration/Fire             3
   c - Poisonous Cloud                Conjuration/Poison/Air       6
   d - Freezing Cloud                 Conjuration/Ice/Air          6
   e - Ring of Flames                 Charms/Fire                  7
 M - a book of the Warp

   Spells                             Type                      Level
   a - Recall                         Summoning/Translocation      3
   b - Gell's Gravitas                Hexes/Translocation          3
   c - Force Lance                    Conjuration/Translocation    4
   d - Phase Shift                    Translocation                5
   e - Warp Weapon                    Charms/Translocation         5
   f - Summon Forest                  Summoning/Translocation      5
Miscellaneous
 h - a plain deck of defence
 x - a plain deck of changes {Wild Magic}
Comestibles
 e - 4 bread rations
 i - 4 fruits
 n - 7 slices of pizza
 w - a royal jelly
 N - 8 meat rations
 R - 8 beef jerkies


   Skills:
 + Level 8.2 Fighting
 + Level 9.5 Axes
 - Level 1.7 Throwing
 + Level 7.7 Armour
 + Level 9.2 Dodging
 + Level 4.4 Shields
 * Level 8.5 Summonings


You had 5 spell levels left.
You knew the following spells:

 Your Spells              Type           Power        Failure   Level  Hunger
a - Monstrous Menagerie   Summ           ###.......   100%        6    #######


Dungeon Overview and Level Annotations

Branches:
Dungeon (10/15)            Temple (1/1) D:4            Lair (0/8) D:10
    Orc (4/4) D:10            Elf (0/3) Orc:3

Altars:
Ashenzari
Cheibriados
Dithmenos
Elyvilon
Fedhas
Gozag
Kikubaaqudgha
Makhleb
Nemelex Xobeh
Okawaru
Qazlal
Ru
Sif Muna
Trog
Vehumet
Xom
Yredelemnul
Zin
The Shining One
Beogh

Shops:
Orc:3 =!   Orc:4 *[


Innate Abilities, Weirdness & Mutations

You have a pair of small antennae on your head.
You are mostly covered in thin metallic scales (AC +3).
A weak demonic guardian rushes to your aid.
You are mostly covered in sharp spines.


Message History

The orc sorcerer hits your crimson imp but does no damage.
Your crimson imp misses the orc sorcerer.
The soul eater hits your crimson imp!!
Your crimson imp dies!
An orc comes into view. It is wielding a club.
The orc shouts!
The orc throws a tomahawk.
You block the tomahawk.
You see here a tomahawk.
The orc throws a tomahawk.
The tomahawk misses you.
You see here a tomahawk.
The orc throws a tomahawk.
You block the tomahawk.
You see here a tomahawk.
The orc sorcerer points at you and mumbles some strange words.
The bolt of fire hits you!
* * * LOW HITPOINT WARNING * * *
There is an escape hatch in the ceiling here.
The orc sorcerer gestures at you while chanting.
The bolt of fire hits you!
You die...
Your body crumbles into a pile of gold.

#.......................###......
<........................##.....)
..........................##.#.#.
................o.........#######
.........................#######(
...................(.((o##..##.#o
...............#......o....3.o...
..............#.............4..#.
................@....#...)##.####
.....................##....###
.....................####.##
.....<...........#...##.##.##
.................#...#......#
...........................##
.....................#.##.##
#.....................#####
.........##...........#


You could see 2 orc sorcerers and an orc.

Vanquished Creatures
  Gastronok (D:10)
  Erolcha (Orc:1)
  Urug (Orc:1)
  An orc high priest (Orc:4)
  Nergalle (Orc:1)
  3 hill giants
  3 orc knights (Orc:4)
  3 orc sorcerers
  An ugly thing (D:8)
  Maurice (Orc:1)
  A centaur zombie (D:10)
  A spiny frog (D:10)
  A merfolk (D:10)
  4 trolls (Orc:4)
  A wyvern (D:10)
  A wraith (D:9)
  2 hungry ghosts
  A hippogriff (D:8)
  A warg (Orc:4)
  A mottled dragon (D:10)
  An ice beast (D:7)
  6 ogres
  23 orc warriors
  2 sky beasts (D:10)
  A centaur (D:6)
  A crocodile (D:8)
  A necrophage (D:10)
  2 phantoms (D:8)
  6 big kobolds (D:8)
  3 giant frogs
  A water moccasin zombie (D:7)
  2 scorpions
  A water moccasin skeleton (D:7)
  5 wights (D:8)
  3 crimson imps
  8 hounds
  A giant frog zombie (D:6)
  A jelly (D:9)
  16 orc priests
  A centaur skeleton (D:7)
  A giant frog skeleton (D:10)
  Crazy Yiuf (D:7)
  A gnoll shaman (D:6)
  8 worker ants
  Terence (D:3)
  6 iguanas
  19 orc wizards
  4 hound zombies
  Robin (D:4)
  A worker ant zombie (D:10)
  16 adders
  6 gnolls
  2 shadow imps
  3 oozes
  An adder skeleton (D:4)
  A worm (D:2)
  3 giant geckos
  88 orcs
  9 hobgoblins
  4 quokkas
  A ball python (D:1)
  8 bats
  2 giant cockroaches
  4 giant newts
  19 goblins
  4 jackals
  22 kobolds
  A quokka skeleton (D:4)
  7 rats
359 creatures vanquished.

Vanquished Creatures (collateral kills)
  2 hill giants (D:10)
  A two-headed ogre (D:9)
  2 blink frogs (D:10)
  A wyvern (D:8)
  4 big kobolds (D:8)
  A giant frog (D:10)
  A water moccasin skeleton (D:10)
  A hound (D:4)
  4 orcs (Orc:4)
  A jackal (D:6)
18 creatures vanquished.

Grand Total: 377 creatures vanquished

Notes
Turn   | Place    | Note
--------------------------------------------------------------
     0 | D:1      | matakusis the Demonspawn Gladiator began the quest for the Orb.
     0 | D:1      | Reached XP level 1. HP: 16/16 MP: 1/1
    59 | D:1      | Reached skill level 3 in Axes
   256 | D:1      | Gained mutation: You are partially covered in thin metallic scales (AC +2). [demonic ancestry]
   256 | D:1      | Reached XP level 2. HP: 22/22 MP: 2/2
   825 | D:2      | Gained mutation: You are partially covered in sharp spines. [demonic ancestry]
   825 | D:2      | Reached XP level 3. HP: 20/27 MP: 3/3
   863 | D:2      | Reached skill level 1 in Armour
   944 | D:2      | Reached XP level 4. HP: 29/33 MP: 4/4
  1483 | D:2      | Found a faded altar to an unknown god.
  1495 | D:2      | Became a worshipper of Gozag Ym Sagoz the Greedy
  1745 | D:3      | Gained mutation: A weak demonic guardian rushes to your aid. [demonic ancestry]
  1745 | D:3      | Reached XP level 5. HP: 35/39 MP: 5/5
  2130 | D:3      | Reached skill level 4 in Dodging
  2315 | D:3      | Noticed Terence
  2328 | D:3      | Killed Terence
  2458 | D:4      | Noticed Robin
  2471 | D:4      | Killed Robin
  2501 | D:4      | Reached XP level 6. HP: 46/46 MP: 6/6
  2507 | D:4      | Found a staircase to the Ecumenical Temple.
  2531 | Temple   | Entered the Ecumenical Temple
  3210 | D:5      | Entered Level 5 of the Dungeon
  3246 | D:5      | Reached XP level 7. HP: 52/52 MP: 7/7
  3703 | D:6      | Reached skill level 5 in Dodging
  3767 | D:6      | Reached skill level 5 in Axes
  3981 | D:6      | Learned a level 6 spell: Monstrous Menagerie
  4235 | D:6      | Gained mutation: You are mostly covered in sharp spines. [demonic ancestry]
  4235 | D:6      | Reached XP level 8. HP: 60/60 MP: 8/8
  4508 | D:6      | Reached skill level 1 in Summonings
  4667 | D:7      | Found a radiant altar of Vehumet.
  4905 | D:7      | Noticed Crazy Yiuf
  4910 | D:7      | Killed Crazy Yiuf
  4963 | D:7      | Reached skill level 6 in Axes
  5164 | D:8      | Noticed a hill giant
  5194 | D:8      | Noticed a green ugly thing
  5201 | D:8      | HP: 3/61 [poisoned by a green ugly thing]
  5420 | D:8      | Killed a hill giant
  5420 | D:8      | Gained mutation: You have a pair of small antennae on your head. [demonic ancestry]
  5420 | D:8      | Reached XP level 9. HP: 66/66 MP: 9/9
  5485 | D:8      | Reached skill level 5 in Armour
  5718 | D:8      | Reached skill level 5 in Fighting
  6007 | D:8      | Killed a green ugly thing
  6007 | D:8      | Reached skill level 7 in Axes
  6572 | D:9      | Reached skill level 5 in Summonings
  6636 | D:9      | Gained mutation: You are mostly covered in thin metallic scales (AC +3). [demonic ancestry]
  6636 | D:9      | Reached XP level 10. HP: 36/76 MP: 10/10
  6989 | D:9      | Identified a scroll of acquirement
  6994 | D:10     | Entered Level 10 of the Dungeon
  7010 | D:10     | Noticed a hill giant
  7036 | D:10     | Killed a hill giant
  7042 | D:10     | Noticed a hill giant
  7368 | D:10     | Killed a hill giant
  8108 | D:10     | Noticed a hill giant
  8123 | D:10     | Reached skill level 1 in Shields
  8154 | D:10     | Reached skill level 8 in Axes
  8186 | D:10     | Killed a hill giant
  8423 | D:10     | Found a staircase to the Lair.
  8570 | D:10     | Found a staircase to the Orcish Mines.
  8642 | D:10     | Reached XP level 11. HP: 61/83 MP: 11/11
  8698 | D:10     | Noticed Gastronok
  8733 | D:10     | Killed Gastronok
  9192 | D:10     | Noticed a hill giant
  9227 | D:10     | Killed a hill giant
  9421 | Orc:1    | Entered Level 1 of the Orcish Mines
  9831 | Orc:1    | Noticed Nergalle
  9853 | Orc:1    | Noticed a spectral orc warlord
  9871 | Orc:1    | Killed Nergalle
  9945 | Orc:1    | Found a flagged portal.
 10002 | Bailey   | Entered a bailey
 10141 | Bailey   | Found a bloodstained altar of Trog.
 10443 | Orc:1    | Noticed Maurice
 10451 | Orc:1    | Killed Maurice
 10462 | Orc:1    | Found a bloodstained altar of Trog.
 10517 | Orc:1    | Noticed Urug
 10540 | Orc:1    | Killed Urug
 10718 | Orc:1    | Noticed Erolcha
 10748 | Orc:1    | Killed Erolcha
 10933 | Orc:3    | Found Cehon's Jewellery Emporium.
 10944 | Orc:3    | Bought an uncursed amulet of regeneration for 510 gold pieces
 10951 | Orc:3    | Found Coruamus's Food Boutique.
 10957 | Orc:3    | Bought a beef jerky for 21 gold pieces
 10957 | Orc:3    | Bought a bread ration for 70 gold pieces
 10957 | Orc:3    | Bought a bread ration for 70 gold pieces
 10957 | Orc:3    | Bought a meat ration for 70 gold pieces
 10957 | Orc:3    | Bought a meat ration for 70 gold pieces
 10957 | Orc:3    | Bought a bread ration for 70 gold pieces
 10957 | Orc:3    | Bought a beef jerky for 21 gold pieces
 10957 | Orc:3    | Bought a beef jerky for 21 gold pieces
 10957 | Orc:3    | Bought 4 fruits for 84 gold pieces
 10957 | Orc:3    | Bought 3 slices of pizza for 63 gold pieces
 11001 | Orc:3    | Found a roughly hewn altar of Beogh.
 11032 | Orc:3    | Found Igaismomn's Food Shop.
 11048 | Orc:3    | Bought a meat ration for 50 gold pieces
 11048 | Orc:3    | Bought a meat ration for 50 gold pieces
 11048 | Orc:3    | Bought a beef jerky for 15 gold pieces
 11048 | Orc:3    | Bought a meat ration for 50 gold pieces
 11048 | Orc:3    | Bought a bread ration for 50 gold pieces
 11048 | Orc:3    | Bought a beef jerky for 15 gold pieces
 11048 | Orc:3    | Bought a royal jelly for 20 gold pieces
 11221 | Orc:3    | Found a staircase to the Elven Halls.
 11325 | Orc:3    | Found Oleocw's Distillery.
 11334 | Orc:3    | Bought a potion of heal wounds for 70 gold pieces
 11334 | Orc:3    | Bought a potion of berserk rage for 70 gold pieces
 11334 | Orc:3    | Bought a potion of might for 56 gold pieces
 11334 | Orc:3    | Bought a potion of ambrosia for 112 gold pieces
 11453 | Orc:3    | Reached skill level 9 in Axes
 11636 | Orc:2    | Found a runed door.
 11811 | Orc:2    | Found a roughly hewn altar of Beogh.
 11831 | Orc:2    | Got a smoking robe
 11847 | Orc:2    | Identified the +1 robe of Intercession {rF+ Int+4} (You found it on level 2 of the Orcish Mines)
 12147 | Orc:4    | Entered Level 4 of the Orcish Mines
 12237 | Orc:4    | Noticed an orc warlord
 12239 | Orc:4    | Noticed a soul eater
 12242 | Orc:4    | Found a roughly hewn altar of Beogh.
 12242 | Orc:4    | Found Pozuev's General Store.
 12245 | Orc:4    | Noticed an orc high priest
 12520 | Orc:4    | Paralysed by an orc sorcerer for 4 turns
 12525 | Orc:4    | Noticed an ice devil
 12568 | Orc:4    | Reached XP level 12. HP: 66/92 MP: 12/12
 12922 | Orc:4    | Killed an orc high priest
 13658 | Orc:4    | Found Jyacs's Antique Armour Emporium.
 13666 | Orc:4    | Paralysed by an orc sorcerer for 3 turns
 13698 | Orc:4    | Killed from afar by an orc sorcerer

Vault maps used:
D:1:      scummos_arrival_simple_crosswalls
D:2:      ecumenical_altar_2
D:3:      amalloy_card_club, uniq_terence
D:4:      minmay_temple_entry_glass, minmay_crossroads, uniq_robin
D:5:      first_bread, kennysheep_pointless_box
D:7:      overflow_temple_1_default, uniq_crazy_yiuf_cottage
D:8:      boulder_corridor_run, special_room
D:9:      minmay_distorted_concentric_squares
D:10:     dpeg_lair_monsters, david_orc_4, hangedman_fish_farm, uniq_gastronok
Temple:   kilobyte_greek_temple_18
Orc:1:    enter_bailey_7, trog_butcher_becter, uniq_nergalle, uniq_erolcha,
          uniq_urug, uniq_maurice
Orc:2:    lightli_church_of_beogh
Orc:3:    basic_altar, serial_shops, nicolae_shop_behind_doors, shop, shop,
          shop, nicolae_orc_pool_cavern
Orc:4:    grunt_orc_cross
Bailey:   bailey_axe_3, bailey

Action                   |  1- 3 |  4- 6 |  7- 9 | 10-12 || total
-------------------------+-------+-------+-------+-------++-------
Melee: War axe           |    56 |    28 |       |       ||    84
       Hand axe          |       |    89 |   227 |   586 ||   902
Throw: Javelin           |       |       |       |     5 ||     5
       Throwing net      |       |       |       |     6 ||     6
       Tomahawk          |       |       |       |     3 ||     3
Invok: Potion Petition   |       |       |     1 |     4 ||     5
 Abil: Evoke Invisibilit |       |       |       |     1 ||     1
Evoke: Wand              |       |       |       |     2 ||     2
  Use: Scroll            |       |    16 |    11 |    10 ||    37
       Potion            |       |       |     4 |     7 ||    11
 Stab: Sleeping          |     1 |       |       |       ||     1
       Distracted        |       |     1 |     2 |     7 ||    10
       Confused          |       |       |       |     1 ||     1
       Held in net/web   |       |       |       |     7 ||     7
       Invisible         |       |       |       |     6 ||     6
  Eat: Chunk             |       |     1 |       |       ||     1
       Meat ration       |       |     1 |     1 |       ||     2
       Bread ration      |       |     1 |       |     6 ||     7
       Beef jerky        |       |       |     3 |       ||     3
       Royal jelly       |       |       |       |     1 ||     1
